 Dungeon Crawl Stone Soup version 0.23.2-33-g5129a83184 (webtiles) character file.

Game seed: 7592455308274985270

1416 Aesthetico the Reanimator (level 8, 0/74 HPs)
             Began as a Naga Necromancer on July 17, 2019.
             Shot with an arrow by a centaur (14 damage)
             ... on level 6 of the Dungeon.
             The game lasted 00:24:37 (6861 turns).

Aesthetico the Reanimator (Naga Necromancer)        Turns: 6861, Time: 00:24:37

Health: 0/74       AC:  5    Str: 11      XL:     8   Next: 71%
Magic:  7/11       EV:  9    Int: 17      God:
Gold:   221        SH:  0    Dex: 13 (14) Spells: 1/11 levels left

rFire    x . .     SeeInvis +   r - +2 hand axe "Xeapegag" {venom, rN++ Dex+2}
rCold    + . .     Gourm    .   (no shield)
rNeg     + + .     Faith    .   b - +0 leather armour
rPois    +         Spirit   .   (no helmet)
rElec    .         Reflect  .   g - +0 cloak
rCorr    .         Harm     .   (no gloves)
MR       +....                  (no barding)
Stlth    ++........             (no amulet)
HPRegen  1.22/turn              m - ring of ice
MPRegen  0.12/turn              (no ring)

@: about to teleport, regenerating, very slow
A: large, see invisible, deformed body, poison resistance, slowness 2, slow
metabolism 1, spit poison 1, AC +2
a: Spit Poison


You were on level 6 of the Dungeon.
You were near starving.

You visited 1 branch of the dungeon, and saw 7 of its levels.

You collected 293 gold pieces.
You spent 72 gold pieces at shops.

Inventory:

Hand Weapons
 a - a -2 rapier
 k - a +1 trident
 r - the +2 hand axe "Xeapegag" (weapon) {venom, rN++ Dex+2}
   (You found it on level 4 of the Dungeon)

   It poisons the flesh of those it strikes.
   It affects your dexterity (+2).
   It greatly protects you from negative energy.
Armour
 b - a +0 leather armour (worn)
 g - a +0 cloak (worn)
Jewellery
 i - a +3 ring of intelligence {unknown}
 m - a ring of ice (left hand)
Wands
 t - a wand of clouds (2)
Scrolls
 e - 4 scrolls of teleportation
 f - a scroll of immolation {unknown}
 n - a scroll of identify
 o - a scroll of blinking {unknown}
 q - a scroll of remove curse
 s - a scroll of amnesia
Potions
 d - a potion of might
 h - a potion of cancellation
 j - 2 potions of flight
 l - a potion of curing
 p - 2 potions of haste
Comestibles
 c - 10 rations


   Skills:
 - Level 5.1 Fighting
 - Level 1.5 Dodging
 - Level 3.0 Stealth
 - Level 2.0 Spellcasting
 + Level 4.6 Conjurations
 - Level 8.6 Necromancy


You had one spell level left.
You knew the following spells:

 Your Spells              Type           Power        Failure   Level  Hunger
a - Pain                  Necr           ####         1%          1    #......
b - Animate Dead          Necr           N/A          8%          4    #####..
d - Regeneration          Chrm/Necr      ###.......   13%         3    ###....
e - Searing Ray           Conj           ###...       5%          2    ###....

Your spell library contained the following spells:

 Spells                   Type           Power        Failure   Level  Hunger
 Animate Skeleton         Necr           N/A          1%          1    #......
 Magic Dart               Conj           ###.         3%          1    #......
 Vampiric Draining        Necr           ####......   2%          3    ###....
 Dazzling Spray           Conj/Hex       #.....       28%         3    ###....
 Iskenderun's Mystic Bla  Conj           ###.....     36%         4    #####..
 Force Lance              Conj/Tloc      #.......     67%         4    #####..
 Fulminant Prism          Conj/Hex       #.........   67%         4    #####..


Dungeon Overview and Level Annotations

Branches:
Dungeon (7/15)
 Temple: D:4-7

Altars:
Dithmenos
Elyvilon
Fedhas
Ru
Uskayaw
Wu Jian

Shops:
D:5 :*!

Annotations:
D:4 Dowan, Duvessa
D:5 1 runed translucent door, Crazy Yiuf, Grinder


Innate Abilities, Weirdness & Mutations

You cannot wear boots.
Your serpentine skin is tough. (AC +2)
You have supernaturally acute eyesight. (SInv)
Armour fits poorly on your strangely shaped body.
Your system is resistant to poisons. (rPois)
You cover ground very slowly.
You have a slow metabolism.
You can spit poison.


Message History

Casting: Pain (safe; 1% risk of failure)
Confirm with . or Enter, or press ? or * to list all spells.
Aiming: Pain (safe; 1% risk of failure)
Press: ? - help, Shift-Dir - straight line, f - centaur
Aim: a centaur, wielding a +0 shortbow and wearing a +0 robe (lightly wounded, chance to defeat MR: 84%)
Okay, then.
Casting: Pain (safe; 1% risk of failure)
Confirm with . or Enter, or press ? or * to list all spells.
Your skin crawls.
The centaur shoots an arrow.
The arrow barely misses you.
An adder skeleton comes into view.
The centaur shoots an arrow.
The arrow closely misses you.
Casting: Regeneration (safe; 13% risk of failure)
Confirm with . or Enter, or press ? or * to list all spells.
Aiming: Pain (safe; 1% risk of failure)
Press: ? - help, Shift-Dir - straight line, f - centaur
Aim: a centaur, wielding a +0 shortbow and wearing a +0 robe (lightly wounded, chance to defeat MR: 84%)
The centaur writhes in agony!
You are near starving!
The centaur shoots an arrow.
The arrow hits you!
You die...

#....#..
#......#
#......#
#......#
#......#.##
##..†.......
#.(...#
#..$..##...
+..@........
#.>...#.....
#.....c......"
#.#...#Z#####.
#.........
#.#...#.###
.........
##...... ..
.......#..


You could see a centaur and an adder skeleton.

Vanquished Creatures
  An ice beast (D:5)
  A phantom (D:4)
  2 ogres (D:4)
  Blork the orc (D:4)
  A gnoll sergeant (D:5)
  2 scorpions
  A crimson imp (D:5)
  A quasit (D:7)
  8 orc wizards
  An orc priest (D:4)
  An iguana (D:4)
  Jessica (D:2)
  Ijyb (D:5)
  Terence (D:2)
  2 worker ants
  A killer bee zombie (D:6)
  2 hound skeletons (D:4)
  A hound zombie (D:7)
  8 adders
  5 gnolls (D:5)
  2 river rats (D:3)
  3 shadow imps
  An ooze (D:3)
  An adder zombie (D:7)
  An adder skeleton (D:3)
  3 worms
  6 dart slugs
  5 leopard geckos
  21 orcs
  3 ball pythons
  14 bats
  4 giant cockroaches
  13 goblins
  5 hobgoblins
  2 jackals (D:2)
  6 kobolds
  5 quokkas
  4 frilled lizards
  9 rats
150 creatures vanquished.

Vanquished Creatures (others)
  An ogre (D:6)
  An orc wizard (D:6)
  An orc (D:6)
3 creatures vanquished.

Grand Total: 153 creatures vanquished

Notes
Turn   | Place    | Note
-------+----------+-------------------------------------------
     0 | D:1      | Aesthetico the Naga Necromancer began the quest for the
                  | Orb.
     0 | D:1      | Reached XP level 1. HP: 15/15 MP: 3/3
   252 | D:1      | Reached XP level 2. HP: 12/22 MP: 0/5
   426 | D:1      | Learned a level 1 spell: Animate Skeleton
   666 | D:1      | Reached XP level 3. HP: 19/28 MP: 0/6
   760 | D:1      | Learned a level 3 spell: Vampiric Draining
   822 | D:1      | Reached skill level 5 in Necromancy
  1111 | D:2      | Found a hide-covered altar of Uskayaw.
  1799 | D:2      | Noticed Terence
  1892 | D:2      | Killed Terence
  1892 | D:2      | Reached XP level 4. HP: 20/36 MP: 1/7
  1989 | D:2      | Found a white marble altar of Elyvilon.
  2065 | D:2      | Found a blossoming altar of Fedhas.
  2293 | D:2      | Noticed Jessica
  2296 | D:2      | Killed Jessica
  2296 | D:2      | Reached skill level 6 in Necromancy
  2296 | D:2      | Reached XP level 5. HP: 41/42 MP: 5/8
  2938 | D:3      | Learned a level 3 spell: Regeneration
  3126 | D:3      | Reached skill level 7 in Necromancy
  3126 | D:3      | Reached XP level 6. HP: 42/49 MP: 0/9
  3271 | D:3      | Found an ornate altar of the Wu Jian Council.
  3899 | D:4      | Reached skill level 1 in Fighting
  3944 | D:4      | Noticed a phantom
  4005 | D:4      | Killed a phantom
  4005 | D:4      | Reached XP level 7. HP: 44/61 MP: 4/10
  4356 | D:4      | Noticed Blork the orc
  4366 | D:4      | Killed Blork the orc
  4366 | D:4      | Reached skill level 5 in Fighting
  5220 | D:4      | Noticed Duvessa
  5220 | D:4      | Noticed Dowan
  5298 | D:5      | Entered Level 5 of the Dungeon
  5301 | D:5      | Found a runed translucent door.
  5302 | D:5      | Noticed Crazy Yiuf
  5381 | D:5      | Learned a level 2 spell: Searing Ray
  5406 | D:5      | Reached skill level 8 in Necromancy
  5406 | D:5      | Reached XP level 8. HP: 40/74 MP: 0/11
  5524 | D:5      | Found Ysuo's Book Boutique.
  5771 | D:4      | Got an ichor-stained hand axe
  5774 | D:4      | Identified the +2 hand axe "Xeapegag" {venom, rN++ Dex+2}
                  | (You found it on level 4 of the Dungeon)
  5783 | D:4      | Learned a level 4 spell: Animate Dead
  5923 | D:5      | Found Vaanyin's Distillery.
  5929 | D:5      | Bought a potion of curing for 36 gold pieces
  5929 | D:5      | Bought a potion of curing for 36 gold pieces
  6073 | D:5      | Reached skill level 1 in Conjurations
  6110 | D:5      | Found Giowk's General Store.
  6231 | D:5      | Noticed Ijyb
  6236 | D:5      | Killed Ijyb
  6477 | D:5      | Found a shadowy altar of Dithmenos.
  6549 | D:5      | Found a sacrificial altar of Ru.
  6550 | D:5      | Noticed Grinder
  6585 | D:6      | You fall through a shaft!
  6861 | D:6      | Shot with an arrow by a centaur

Skill      XL: |  1  2  3  4  5  6  7  8 |
---------------+-------------------------+-----
Necromancy     | 5 6 7 8 |  8.6
Fighting       | 2 5 |  5.1
Conjurations   | 4 |  4.6
Dodging        | |  1.5
Stealth        | |  3.0
Spellcasting   | |  2.0

Action                   |  1- 3 |  4- 6 |  7- 9 || total
-------------------------+-------+-------+-------++-------
Melee: Short sword       |    15 |       |       ||    15
       Spear             |     4 |       |       ||     4
       Trident           |       |   146 |    36 ||   182
       Hand axe          |       |       |    82 ||    82
 Cast: Pain              |    71 |   101 |    91 ||   263
       Animate Skeleton  |     6 |     1 |       ||     7
       Vampiric Draining |     5 |     1 |       ||     6
       Regeneration      |       |     8 |     6 ||    14
       Searing Ray       |       |       |     3 ||     3
       Animate Dead      |       |       |     2 ||     2
 Abil: Spit Poison       |     4 |     4 |     7 ||    15
  Use: Scroll            |       |       |    13 ||    13
       Potion            |       |       |     4 ||     4
  Eat: Chunk             |     3 |     9 |    10 ||    22
Armor: Leather armour    |    13 |    67 |    70 ||   150
Dodge: Dodged            |    26 |    98 |   122 ||   246
